 Dungeon Crawl Stone Soup version 0.26.0-20-g3ca415f5b8 (webtiles) character file.

Game seed: 17232864859893465982

5516 hawla the Thaumaturge (level 10, -1/117 HPs)
             Began as a White Draconian Conjurer on Jan 24, 2021.
             Was a Follower of Vehumet.
             Slain by a centaur (6 damage)
             ... on level 11 of the Dungeon on Jan 25, 2021.
             The game lasted 00:30:05 (13585 turns).

hawla the Thaumaturge (White Draconian Conjurer)   Turns: 13585, Time: 00:30:06

Health: -1/117     AC: 25    Str: 16    XL:     10   Next: 43%
Magic:  18/23      EV:  2    Int: 21    God:    Vehumet [*.....]
Gold:   800        SH:  7    Dex: 10    Spells: 21/28 levels left

rFire    . . .     SeeInvis .   H - staff of conjuration
rCold    . . .     Faith    .   s - +3 buckler
rNeg     + + +     Spirit   .   (armour unavailable)
rPois    +         Reflect  .   (helmet currently unavailable)
rElec    .         Harm     .   (cloak currently unavailable)
rCorr    .         Rampage  .   (gloves currently unavailable)
Will     .....     NoTele   +   (boots currently unavailable)
Stlth    +++.......             (no amulet)
HPRegen  0.29/turn              c - +6 ring of strength
MPRegen  0.18/turn              n - ring of stealth

@: lethally poisoned (-1 -> -4), tree-form, marked
A: (breathe frost), unfitting armour, AC +7
a: Renounce Religion


You were on level 11 of the Dungeon.
You worshipped Vehumet.
Vehumet was aware of your devotion.
You were a tree.
You visited 2 branches of the dungeon, and saw 12 of its levels.

You collected 800 gold pieces.

Inventory:

Hand Weapons
 v - a +0 quarterstaff
 E - a +4 scimitar of flaming
Missiles
 o - 2 javelins
 y - 5 curare-tipped darts
 z - 20 poisoned darts
Armour
 p - a +2 cloak (melded)
 s - a +3 buckler (worn)
Magical Staves
 g - an uncursed staff of earth
 H - an uncursed staff of conjuration (weapon)
Jewellery
 c - a +6 ring of strength (left branch)
 j - an uncursed amulet of magic regeneration {unknown}
 l - an uncursed amulet of guardian spirit {unknown}
 n - a ring of stealth (right branch)
 q - an uncursed ring of fire
Wands
 k - a wand of flame (21)
 r - a wand of digging (7)
 u - a wand of random effects (9)
 A - a wand of polymorph (3)
 D - a wand of iceblast (14)
Scrolls
 e - a scroll of fog
 f - 11 scrolls of remove curse
 h - a scroll of enchant weapon
 i - 3 scrolls of amnesia
 x - 2 scrolls of magic mapping
Potions
 a - a potion of curing
 d - 5 potions of haste
 t - 2 potions of brilliance
 B - 2 potions of heal wounds {unknown}
 F - a potion of invisibility {unknown}
 G - a potion of flight {unknown}
Miscellaneous
 C - a phial of floods


   Skills:
 - Level 4.0 Fighting
 - Level 4.0 Staves
 - Level 2.0 Dodging
 - Level 2.0 Stealth
 - Level 4.0 Shields
 + Level 9.8 Spellcasting
 - Level 7.0 Conjurations
 - Level 5.5 Translocations
 - Level 4.0 Evocations


You had 21 spell levels left.
You knew the following spells:

 Your Spells              Type           Power        Failure   Level
a - Magic Dart            Conj           100%         1%          1
b - Searing Ray           Conj           100%         1%          2
c - Iskenderun's Mystic   Conj/Tloc      53%          4%          4

Your spell library contained the following spells:

 Spells                   Type           Power        Failure   Level
 Foxfire                  Conj/Fire      100%         1%          1
 Dazzling Flash           Conj/Hex       74%          4%          3
 Fulminant Prism          Conj/Hex       18%          16%         4


Dungeon Overview and Level Annotations

Branches:
Dungeon (11/15)            Temple (1/1) D:5            Lair (0/6) D:8
    Orc (0/2) D:10

Altars:
Ashenzari
Cheibriados
Dithmenos
Elyvilon
Fedhas
Gozag
Hepliaklqana
Kikubaaqudgha
Makhleb
Nemelex Xobeh
Okawaru
Qazlal
Ru
Sif Muna
Trog
Uskayaw
Vehumet
Wu Jian
Xom
Yredelemnul
Zin
The Shining One

Annotations:
D:11 Harold


Innate Abilities, Weirdness & Mutations

((You can breathe waves of freezing cold.))
((You can buffet flying creatures when you breathe cold.))
((Your icy white scales are hard. (AC +7)))
You cannot fit into any form of body armour.
((Your flesh is cold resistant. (rC+)))
((You are cold-blooded and may be slowed by cold attacks.))


Message History

The killer bee stings you but does no damage.
The centaur hits you but does no damage. x2
The killer bee stings you but does no damage. x2
You feel less invigorated.
You feel less confused.
The centaur hits you but does no damage.
The killer bee stings you but does no damage.
The killer bee stings you.
* * * LOW HITPOINT WARNING * * *
You are poisoned.
The killer bee poisons you!
The centaur hits you but does no damage.
The killer bee stings you but does no damage. x2
The centaur hits you.
* * * LOW HITPOINT WARNING * * *
The two-headed ogre hits you with a +0 dire flail.
* * * LOW HITPOINT WARNING * * *
The two-headed ogre hits you but does no damage.
The centaur hits you.
You die...

..# #.. ######### #
.. ........#
#.####.# ........#
......# # ........#
#.c## .. ........#
##cc♣#... ##. #.##
####..yyOy#
....#.u###....uc#s.#
.....T....T@...###.#
....##@.#.###### .#
...........# .#
....#####..# # ....
#...# ... #..#.#


You could see Harold, a red ugly thing, a two-headed ogre, a troll, 4 centaurs,
a scorpion and 3 killer bees.

Vanquished Creatures
  Erica (D:10)
  A two-headed ogre (D:9)
  An ugly thing (D:9)
  A troll (D:9)
  Grinder (D:6)
  Sigmund (D:6)
  2 phantoms
  An orc warrior (D:6)
  2 ice beasts
  2 sky beasts
  A black bear (D:6)
  4 ogres
  5 centaurs
  A wyvern zombie (D:8)
  6 bullfrogs
  Blork the orc (D:6)
  A gnoll sergeant (D:8)
  2 scorpions
  2 jellies
  3 howler monkeys
  A centaur zombie (D:5)
  3 hounds
  A gnoll shaman (D:8)
  A bullfrog skeleton (D:5)
  An orc priest (D:11)
  A centaur skeleton (D:6)
  3 iguanas
  3 orc wizards
  Natasha (D:2)
  5 worker ants
  2 hound zombies
  A hound skeleton (D:7)
  A howler monkey zombie (D:8)
  3 worker ant zombies
  Robin (D:2)
  11 gnolls
  6 adders
  A shadow imp (D:4)
  2 white imps
  An ufetubus (D:5)
  2 oozes
  3 adder skeletons
  A worm (D:4)
  A dart slug (D:3)
  4 leopard geckos
  21 orcs
  10 bats
  9 giant cockroaches
  16 goblins
  9 hobgoblins
  4 jackals (D:1)
  13 kobolds
  4 quokkas
  2 ball pythons (D:2)
  A ball python skeleton (D:5)
  8 frilled lizards
  2 quokka skeletons
  4 rats
202 creatures vanquished.

Vanquished Creatures (others)
  An unseen horror (D:11)
  2 plants (D:8)
3 creatures vanquished.

Grand Total: 205 creatures vanquished

Notes
Turn   | Place    | Note
-------+----------+-------------------------------------------
     0 | D:1      | hawla the Draconian Conjurer began the quest for the Orb.
     0 | D:1      | Reached XP level 1. HP: 14/14 MP: 3/3
   452 | D:1      | Reached skill level 1 in Fighting
   452 | D:1      | Reached XP level 2. HP: 23/23 MP: 3/5
   591 | D:1      | Learned a level 2 spell: Searing Ray
  1048 | D:1      | Reached XP level 3. HP: 29/29 MP: 2/6
  2193 | D:2      | Noticed Natasha
  2199 | D:2      | Killed Natasha
  2200 | D:2      | Reached XP level 4. HP: 27/38 MP: 3/8
  2205 | D:2      | Learned a level 4 spell: Iskenderun's Mystic Blast
  2291 | D:2      | Noticed Robin
  2296 | D:2      | Killed Robin
  3320 | D:3      | Reached skill level 1 in Translocations
  3366 | D:3      | Reached XP level 5. HP: 40/45 MP: 1/9
  4288 | D:4      | Reached skill level 3 in Spellcasting
  4350 | D:4      | Noticed an ogre
  4358 | D:4      | Killed an ogre
  4359 | D:4      | Reached XP level 6. HP: 31/52 MP: 0/10
  4953 | D:4      | Found a sparkling altar of Nemelex Xobeh.
  5584 | D:5      | Entered Level 5 of the Dungeon
  6268 | D:5      | Reached skill level 5 in Conjurations
  6469 | D:5      | Found a staircase to the Ecumenical Temple.
  6471 | D:5      | Noticed an ice beast
  6539 | D:5      | Your scales start taking on an icy white colour.
  6539 | D:5      | Reached XP level 7. HP: 26/59 MP: 6/12
  6539 | D:5      | Gained mutation: Your flesh is cold resistant. (rC+) [White
                  | Draconian growth]
  6769 | Temple   | Entered the Ecumenical Temple
  7045 | Temple   | Became a worshipper of Vehumet
  7277 | D:5      | Reached skill level 4 in Spellcasting
  7674 | D:5      | Reached skill level 1 in Staves
  7906 | D:5      | Found a sacrificial altar of Ru.
  7954 | D:6      | Noticed Blork the orc
  7964 | D:5      | Reached XP level 8. HP: 42/66 MP: 7/14
  8078 | D:6      | Killed Blork the orc
  8156 | D:6      | Found a broken altar of Ashenzari.
  8164 | D:6      | Reached skill level 1 in Evocations
  8349 | D:6      | Reached skill level 5 in Translocations
  8519 | D:6      | Noticed Grinder
  8527 | D:6      | Paralysed by Grinder for 7 turns
  8536 | D:6      | Killed Grinder
  8723 | D:6      | Reached * piety under Vehumet
  8723 | D:6      | Offered knowledge of Foxfire by Vehumet.
  8832 | D:6      | Noticed Sigmund
  8844 | D:6      | Killed Sigmund
  8942 | D:6      | Reached skill level 5 in Spellcasting
  9747 | D:7      | Reached XP level 9. HP: 71/71 MP: 10/16
 10515 | D:8      | Found a staircase to the Lair.
 10911 | D:8      | Reached skill level 6 in Spellcasting
 11764 | D:9      | Reached skill level 7 in Spellcasting
 11811 | D:9      | Noticed a cyan ugly thing
 11822 | D:9      | Killed a cyan ugly thing
 12080 | D:9      | Noticed a two-headed ogre
 12092 | D:9      | Killed a two-headed ogre
 12093 | D:9      | Reached skill level 8 in Spellcasting
 12093 | D:9      | Reached XP level 10. HP: 67/78 MP: 8/22
 12582 | D:10     | Entered Level 10 of the Dungeon
 12927 | D:10     | Reached skill level 9 in Spellcasting
 12977 | D:10     | Noticed Erica
 12989 | D:10     | Killed Erica
 13370 | D:10     | Found a staircase to the Orcish Mines.
 13538 | D:11     | Noticed Harold
 13566 | D:11     | Noticed a red ugly thing
 13580 | D:11     | HP: 5/117 [something (4)]
 13582 | D:11     | Killed an unseen horror
 13582 | D:11     | Noticed a two-headed ogre
 13585 | D:11     | HP: 5/117 [two-headed ogre/+0 dire flail (5)]
 13585 | D:11     | Slain by a centaur

Illustrated notes

Levels and vault maps discovered:
D:1:      dpeg_arrival_rooms_a, layout_basic, minmay_misc_feat_iff,
          ebering_dispersal_statue_hall, roderic_filled_cross
D:2:      minmay_skewed_foursquare, layout_basic, serial_park_tiny_1,
          minmay_strange_pillars, uniq_robin, uniq_natasha
D:3:      wander_river, layout_basic, chequers_serial_rivers_marsh,
          minmay_misc_feat_nine_boxes
D:4:      layout_basic, nemelex_spade_bored_becter
D:5:      layout_basic, minmay_temple_entry_crystal_x, nrook_uturn,
          kb_lookout_dungeons_type, hangedman_ru_absence
D:6:      layout_basic, evilmike_ruin_ashenzari, uniq_grinder, uniq_sigmund,
          uniq_blork_the_orc
D:7:      layout_basic, serial_glass, glass_columns_a, glass_columns_a,
          minmay_parallelograms
D:8:      layout_basic, dpeg_oklobed_lair
D:9:      layout_gridville, billiards_dpeg
D:10:     layout_roguey, orc_0_dummy, uniq_erica
D:11:     layout_rooms, lemuel_angel_altar, uniq_harold
Temple:   nicolae_temple_the_god_donut

Skill      XL: |  1  2  3  4  5  6  7  8  9 10 |
---------------+-------------------------------+-----
Stealth        | 2 |  2.0
Dodging        | 2 |  2.0
Fighting       | 1 2 3 4 |  4.0
Translocations | 1 2 3 4 5 |  5.5
Spellcasting   | 3 4 5 8 9 |  9.8
Conjurations   | 5 6 7 |  7.0
Staves         | 1 3 4 |  4.0
Evocations     | 3 4 |  4.0
Shields        | 4 |  4.0

Action                   |  1- 3 |  4- 6 |  7- 9 | 10-12 || total
-------------------------+-------+-------+-------+-------++-------
Melee: Unarmed           |    15 |     7 |       |       ||    22
       Dagger            |       |    18 |       |       ||    18
       Tailslap          |       |     1 |     9 |     4 ||    14
       Staff             |       |       |    22 |    21 ||    43
       Quarterstaff      |       |       |    17 |       ||    17
 Cast: Magic Dart        |    56 |    67 |    76 |    14 ||   213
       Searing Ray       |    13 |    29 |    60 |    15 ||   117
       Iskenderun's Myst |       |     6 |    17 |    13 ||    36
  Use: Scroll            |       |    15 |    10 |     7 ||    32
       Potion            |       |     1 |       |     4 ||     5
 Stab: Sleeping          |       |       |       |     1 ||     1
Armor: Skin              |    22 |    50 |    32 |    51 ||   155
Dodge: Dodged            |    29 |    91 |    52 |    22 ||   194
Block: Buckler           |       |       |       |    20 ||    20
